 Dungeon Sprint DCSS version 0.31-a0-16-g6d2539766c (webtiles) character file.

Game seed: 6590777290804242532

1185 sircluck the Cleaver (level 8, -5/82 HPs)
             Began as a Hill Orc Fighter on May 8, 2023.
             Was an Initiate of Nemelex Xobeh.
             Slain by Sonja
             ... wielding a +2 dagger of distortion
              (15 damage)
             ... in the Dungeon (Sprint I: "Red Sonja").
             The game lasted 00:01:41 (797 turns).

sircluck the Cleaver (Hill Orc Fighter)              Turns: 797, Time: 00:01:43

Health: -5/82      AC:  8    Str: 21    XL:     8   Next: 42%
Magic:  8/8        EV: 10    Int:  8    God:    Nemelex Xobeh [......]
Gold:   417        SH:  6    Dex: 10    Spells: 7/7 levels left

rFire   . . .        a - +0 war axe
rCold   . . .        c - +0 buckler
rNeg    . . .        b - +0 scale mail
rPois   .            (no helmet)
rElec   .            (no cloak)
rCorr   .            (no gloves)
SInv    .            (no boots)
Will    .....        (no amulet) Stlth
                     (no ring)
HPRegen 0.33/turn    (no ring)
MPRegen 0.11/turn

%: no teleportation
@: lethally poisoned (-5 -> -20), slowed, very slow
A: no striking features
a: Renounce Religion, Draw Escape, Draw Destruction, Draw Summoning


You were in the Dungeon.
You worshipped Nemelex Xobeh.
Nemelex Xobeh was noncommittal.
You visited 1 branch You collected 417 gold pieces.

Inventory:

Hand Weapons
 a - a +0 war axe (weapon)
Armour
 b - a +0 scale mail (worn)
 c - a +0 buckler (worn)
Wands
 k - a wand of flame (12)
Scrolls
 j - a scroll of blinking
Potions
 d - a potion of might
 e - a potion of curing
 f - 2 potions of heal wounds
 g - 2 potions of haste
 h - 2 potions of magic
 i - a potion of berserk rage
 l - a potion of attraction {unknown}


   Skills:
 + Level 11.4 Fighting
 + Level 13.3 Axes
 + Level 10.7 Armour
 + Level 1.6 Dodging
 + Level 8.8 Shields
 + Level 0.1 Evocations


You had 7 spell levels left.
You didn't know any spells.
Your spell library was empty.

Dungeon Overview and Level Annotations

Branches:
Dungeon (1/1)

Altars:
Cheibriados
Dithmenos
Elyvilon
Fedhas
Gozag
Hepliaklqana
Kikubaaqudgha
Makhleb
Nemelex Xobeh
Okawaru
Qazlal
Ru
Sif Muna
Trog
Uskayaw
Vehumet
Wu Jian
Xom
Yredelemnul
Zin
The Shining One
Jiyva
Lugonu

Shops:
D =

Annotations:
D Sonja


Message History

Sonja shouts, "Some dancing partner you are!"
Found 108 gold pieces.
Sonja throws a curare-tipped dart.
The curare-tipped dart hits you.
You are poisoned.
You have difficulty breathing.
You feel yourself slow down.
Sonja mumbles some strange words.
Sonja blinks!
There is an open door here.
Sonja is nearby!
You completely miss Sonja.
You feel very sick.
Sonja casts a spell.
Sonja blinks!
You miss Sonja.
You feel sick.
Sonja casts a spell.
Sonja blinks!
You feel sick.
You feel sick.
Sonja throws a curare-tipped dart.
You block the curare-tipped dart.
There is an open door here.
You feel sick.
Sonja throws a curare-tipped dart.
The curare-tipped dart hits you.
You are more poisoned.
You have difficulty breathing.
You feel as though you will be slow longer.
Sonja zaps a wand.
The mass of ice explodes!
The iceblast engulfs you!
Sonja throws a curare-tipped dart.
The curare-tipped dart hits you.
You are more poisoned.
You have difficulty breathing.
You feel as though you will be slow longer.
There is a radiant altar of Vehumet here.
You feel extremely sick. You block Sonja's attack.
Sonja hits you but does no damage. Space warps around you.
Sonja barely misses you.
Sonja hits you with a +2 dagger of distortion!
Space warps horribly around you!!
* * * LOW HITPOINT WARNING * * *
Sonja hits you but does no damage. x2; Space warps horribly around you!
You die...
Your body disappears without a glow.

##########################
#<.#..)..#..'..#__#..')..#
#..').#..').#..'..'..#)..#
#..#####'#####'#__####...+
#..####..#...#.#### #####
#..#__####..##.#
#..#_____##'#_.+
#⌠⌠#_.∩..K@..._#
####_..__##_.#'#
#_____###'#.# #######
#.### +$.$+ #$.$# ##.##
#+#


You could see Sonja.

Vanquished Creatures
  2 kobold demonologists (D)
  Sigmund (D)
  A slime creature (D)
  A yak (D)
  A floating eye (D)
  An ogre (D)
  A jelly (D)
  Ijyb (D)
9 creatures vanquished.

Notes
Turn   | Place    | Note
-------+----------+-------------------------------------------
     0 | D        | sircluck the Hill Orc Fighter began the quest for the Orb.
     0 | D        | Reached XP level 1. HP: 19/19 MP: 1/1
     2 | D        | Noticed Ijyb
    10 | D        | Killed Ijyb
    11 | D        | Reached skill level 5 in Fighting
    11 | D        | Reached skill level 3 in Axes
    11 | D        | Reached XP level 2. HP: 24/29 MP: 2/2
    29 | D        | Noticed an ogre
    37 | D        | Killed an ogre
    38 | D        | Reached skill level 5 in Axes
    38 | D        | Reached XP level 3. HP: 7/38 MP: 3/3
    38 | D        | Reached XP level 4. HP: 8/45 MP: 4/4
   183 | D        | Noticed Sigmund
   193 | D        | Killed Sigmund
   194 | D        | Reached skill level 7 in Axes
   194 | D        | Reached XP level 5. HP: 27/56 MP: 5/5
   194 | D        | Reached XP level 6. HP: 30/62 MP: 6/6
   310 | D        | Found an ornate altar of the Wu Jian Council.
   310 | D        | Found a shimmering blue altar of Sif Muna.
   312 | D        | Found a radiant altar of Vehumet.
   354 | D        | Found Rumpebo's Jewellery Emporium.
   354 | D        | Found an ancient bone altar of Kikubaaqudgha.
   354 | D        | Found a hazy altar of Hepliaklqana.
   354 | D        | Found a stormy altar of Qazlal.
   354 | D        | Found a hide-covered altar of Uskayaw.
   354 | D        | Found a blossoming altar of Fedhas.
   354 | D        | Found a bloodstained altar of Trog.
   354 | D        | Found an iron altar of Okawaru.
   354 | D        | Found a basalt altar of Yredelemnul.
   354 | D        | Found a glowing golden altar of the Shining One.
   354 | D        | Found a snail-covered altar of Cheibriados.
   354 | D        | Found a sacrificial altar of Ru.
   354 | D        | Found a glowing silver altar of Zin.
   354 | D        | Found a shadowy altar of Dithmenos.
   354 | D        | Found a white marble altar of Elyvilon.
   354 | D        | Noticed a yak
   366 | D        | Killed a yak
   367 | D        | Reached skill level 9 in Axes
   367 | D        | Reached XP level 7. HP: 11/71 MP: 7/7
   367 | D        | Found an opulent altar of Gozag.
   368 | D        | Found a sparkling altar of Nemelex Xobeh.
   374 | D        | Became a worshipper of Nemelex Xobeh the Trickster
   558 | D        | Found a burning altar of Makhleb.
   558 | D        | Found a viscous altar of Jiyva.
   558 | D        | Found a shimmering altar of Xom.
   558 | D        | Found a corrupted altar of Lugonu.
   558 | D        | Noticed a slime creature
   564 | D        | Killed a slime creature
   565 | D        | Reached skill level 10 in Fighting
   565 | D        | Reached skill level 10 in Axes
   624 | D        | Noticed a kobold demonologist
   625 | D        | Noticed a kobold demonologist
   628 | D        | Noticed a neqoxec
   629 | D        | Reached skill level 10 in Armour
   629 | D        | Noticed a ynoxinul
   635 | D        | Noticed an orange demon
   637 | D        | Noticed a ynoxinul
   639 | D        | Killed a kobold demonologist
   640 | D        | Reached skill level 12 in Axes
   640 | D        | Reached skill level 1 in Dodging
   640 | D        | Reached XP level 8. HP: 68/82 MP: 8/8
   643 | D        | Killed a kobold demonologist
   644 | D        | Reached skill level 13 in Axes
   790 | D        | Noticed Sonja
   797 | D        | Slain by Sonja

Illustrated notes

Levels and vault maps discovered:
D:        dungeon_sprint_1 [red_sonja_temple_1, red_sonja_temple_small_1]

Skill      XL: |  1  2  3  4  5  6  7  8 |
---------------+-------------------------+-----
Fighting       | 5 6 8 9 11 | 11.4
Axes           | 3 5 7 9 12 13 | 13.3
Armour         | 4 6 8 9 10 | 10.7
Shields        | 4 6 7 8 |  8.8
Dodging        | 1 |  1.6
Evocations     | |  0.1

Action                     |  1- 3 |  4- 6 |  7- 9 || total
---------------------------+-------+-------+-------++-------
  Melee: War axe           |    14 |    22 |    25 ||    61
  Evoke: Wand              |     1 |       |       ||     1
 Armour: Scale mail        |     2 |     4 |    14 ||    20
  Dodge: Dodged            |     4 |     8 |    11 ||    23
  Block: Buckler           |     4 |       |    12 ||    16

Table legend: (Time is in decaauts)
 A = Elapsed time spent in this place.
 B = Non-inter-level travel time spent in this place.
 C = Inter-level travel time spent in this place.
 D = Time resting spent in this place.
 E = Time spent auto-exploring this place.
 F = Levels seen in this place.
 G = Mean time per level.
                   A        B        C        D        E       F      G
               +--------+--------+--------+--------+--------+-----+--------+
         Total |    807 |    753 |     54 |    307 |    261 |   1 |  807.0 |
       Dungeon |    807 |    753 |     54 |    307 |    261 |   1 |  807.0 |
               +--------+--------+--------+--------+--------+-----+--------+

Top non-repeatable levels by time:
       D: 807 daAuts
